 Dungeon Crawl Stone Soup version 0.29-a0-334-gb41bcbb86e (webtiles) character file.

Game seed: 2020123747691375941

179 spaghetti the Magician (level 5, 35/35 HPs)
             Began as a Demonspawn Hedge Wizard on Apr 14, 2022.
             Was a Follower of Fedhas.
             Quit the game on level 3 of the Dungeon.
             The game lasted 00:04:28 (3903 turns).

spaghetti the Magician (Demonspawn Hedge Wizard)    Turns: 3903, Time: 00:04:28

Health: 35/35      AC:  2    Str: 10    XL:     5   Next: 33%
Magic:  11/13      EV: 12    Int: 17    God:    Fedhas [*.....]
Gold:   60         SH:  0    Dex: 13    Spells: 12/15 levels left

rFire   . . .      SeeInvis .   j - +3 dagger (venom) {short}
rCold   . . .      Faith    .   (no shield)
rNeg    . . .      Spirit   .   b - +0 robe
rPois   .          Reflect  .   c - +0 hat
rElec   .          Harm     .   (no cloak)
rCorr   .          Rampage  .   (no gloves)
Will    .....                   (no boots)
Stlth   ++........              (no amulet)
HPRegen 0.11/turn               (no ring)
MPRegen 0.13/turn               (no ring)

@: no status effects
A: hooves 2, powered by pain 1, sanguine armour 1
a: Renounce Religion


You were on level 3 of the Dungeon.
You worshipped Fedhas.
Fedhas was aware of your devotion.
You visited 1 branch of the dungeon, and saw 3 of its levels.

You collected 60 gold pieces.


Innate Abilities, Weirdness & Mutations

You have hoof-like feet.
You sometimes gain a little power by taking damage.
When seriously injured, your blood forms armour. (AC +0)


   Skills:
 - Level 1.7 Dodging
 - Level 1.7 Stealth
 + Level 5.7 Spellcasting
 - Level 1.0 Conjurations
 - Level 1.0 Summonings
 - Level 0.8 Translocations


You had 12 spell levels left.
You knew the following spells:

 Your Spells              Type           Power      Damage    Failure   Level
a - Magic Dart            Conj           32%        1d4       9%          1
b - Call Imp              Summ           8%         N/A       13%         2

Your spell library contained the following spells:

 Spells                   Type           Power      Damage    Failure   Level
 Slow                     Hex            16%        N/A       13%         1
 Blink                    Tloc           14%        N/A       14%         2
 Conjure Flame            Conj/Fire      6%         6-21      32%         3
 Mephitic Cloud           Conj/Pois/Air  6%         N/A       34%         3

Inventory:

Hand Weapons
 a - a +0 dagger {short}
 j - a +3 dagger of venom (weapon) {short}
   (You took it off Jessica on level 2 of the Dungeon)
Missiles
 i - 91 stones {throwing}
 l - 4 javelins {throwing}
Armour
 b - a +0 robe (worn)
 c - a +0 hat (worn)
 d - a +0 plate armour
   (You found it on level 1 of the Dungeon)
Wands
 m - a wand of charming (10)
   (You found it on level 3 of the Dungeon)
Scrolls
 e - 2 scrolls of enchant weapon
 k - a scroll of torment {!r}
Potions
 f - a potion of flight {unknown}
 g - a potion of mutation {unknown}
 h - 2 potions of attraction {unknown}

Dungeon Overview and Level Annotations

Branches:
Dungeon (3/15)

Altars:
Fedhas

### ### #.# #.# ##.###.#
#......# ######.#
#########...#
##...._....#.###### .
...#######........##....
...#######......@.......
..#.##.....#..#.#.##.#.#
..#.##..............
.....................#
..#..................#
..............#......#
..##.###..#..######..#
#.##.###..#..# ..#
#............#


There were no monsters in sight!


Message History

Confirm with . or Enter, or press ? or * to list all spells.
Aiming: Magic Dart (safe; 9% risk of failure)
Press: ? - help, Shift-Dir - straight line, f/p - dart slug
Aim: a dart slug (severely wounded, 100% to hit)
The magic dart hits the dart slug but does no damage. 😕 MP[-1]
You lost 1 mp, and now have 7/13 mp.
Casting: Magic Dart (safe; 9% risk of failure)
Confirm with . or Enter, or press ? or * to list all spells.
Aiming: Magic Dart (safe; 9% risk of failure)
Press: ? - help, Shift-Dir - straight line, f/p - dart slug
Aim: a dart slug (severely wounded, 100% to hit)
The magic dart hits the dart slug.
The dart slug launches a dart at you. The slug dart hits you. 😕 HP[-3] MP[-1]
You take 3 damage, and now have 31/35 hp.
You lost 1 mp, and now have 6/13 mp.
Casting: Magic Dart (safe; 9% risk of failure)
Confirm with . or Enter, or press ? or * to list all spells.
Aiming: Magic Dart (safe; 9% risk of failure)
Press: ? - help, Shift-Dir - straight line, f/p - dart slug
Aim: a dart slug (almost dead, 100% to hit)
You miscast Magic Dart.
You are very lightly contaminated with residual magic.
Nothing appears to happen.
Casting: Magic Dart (safe; 9% risk of failure)
Confirm with . or Enter, or press ? or * to list all spells.
Aiming: Magic Dart (safe; 9% risk of failure)
Press: ? - help, Shift-Dir - straight line, f/p - dart slug
Aim: a dart slug (almost dead, 100% to hit)
The magic dart hits the dart slug.
You kill the dart slug! 😕 MP[-1]
You lost 1 mp, and now have 5/13 mp.
Your magical contamination has completely faded away. 😕 HP[+1] Key pressed, stopping explore.
A ball python comes into view.
Found a faded altar of an unknown god. 😎 HP[+3] MP[+8]
Your hp is fully restored (35).
Your mp is fully restored (13).
A ball python is nearby!
A ball python is nearby!
A ball python is nearby!
Casting: Magic Dart (safe; 9% risk of failure)
Confirm with . or Enter, or press ? or * to list all spells.
Aiming: Magic Dart (safe; 9% risk of failure)
Press: ? - help, Shift-Dir - straight line, f - ball python
Aim: a ball python (asleep, 100% to hit)
The magic dart hits the ball python. 😎 MP[-1]
You lost 1 mp, and now have 12/13 mp.
Casting: Magic Dart (safe; 9% risk of failure)
Confirm with . or Enter, or press ? or * to list all spells.
Aiming: Magic Dart (safe; 9% risk of failure)
Press: ? - help, Shift-Dir - straight line, f/p - ball python
Aim: a ball python (heavily wounded, 100% to hit)
The magic dart hits the ball python.
You kill the ball python! 😎 MP[-1]
You lost 1 mp, and now have 11/13 mp.
Casting: Magic Dart (safe; 9% risk of failure)
Confirm with . or Enter, or press ? or * to list all spells.
You can't see any susceptible monsters within range! (Use Z to cast anyway.)
Casting: Magic Dart (safe; 9% risk of failure)
Confirm with . or Enter, or press ? or * to list all spells.
You can't see any susceptible monsters within range! (Use Z to cast anyway.)
There is a faded altar of an unknown god here.
You cannot tell which god this altar belongs to.
Convert to them anyway?
Fedhas accepts your prayer! Fedhas welcomes you!
The plants of the dungeon cease their hostilities.
Unknown command.
Press < or > to pray at altars.
Unknown command.
Press < or > to pray at altars.
Key pressed, stopping explore.
A bat comes into view. 😎 MP[+2]
Your mp is fully restored (13).
A bat is nearby!
A bat is nearby!
Casting: Magic Dart (safe; 9% risk of failure)
Confirm with . or Enter, or press ? or * to list all spells.
Aiming: Magic Dart (safe; 9% risk of failure)
Press: ? - help, Shift-Dir - straight line, f - bat
Aim: a bat (asleep, 100% to hit)
The magic dart hits the bat.
Casting: Magic Dart (safe; 9% risk of failure)
Confirm with . or Enter, or press ? or * to list all spells.
Aiming: Magic Dart (safe; 9% risk of failure)
Press: ? - help, Shift-Dir - straight line, f/p - bat
Aim: a bat (moderately wounded, 100% to hit)
The magic dart hits the bat.
You kill the bat!
Fedhas appreciates your contribution to the ecosystem. 😎 MP[-2]
You lost 2 mp, and now have 11/13 mp.
Are you sure you want to abandon this character and quit the game? (Confirm with "yes".)

Skill      XL: |  1  2  3  4 |
---------------+-------------+-----
Spellcasting   | 4 5 |  5.7
Dodging        | |  1.7
Stealth        | |  1.7
Conjurations   | |  1.0
Summonings     | |  1.0
Translocations | |  0.8

Action                   |  1- 3 |  4- 6 || total
-------------------------+-------+-------++-------
Melee: Dagger            |    35 |    21 ||    56
       Kick              |     6 |     5 ||    11
 Cast: Magic Dart        |    68 |    90 ||   158
       Call Imp          |     5 |     5 ||    10
  Use: Potion            |     1 |       ||     1
       Scroll            |       |     2 ||     2
Armor: Robe              |    10 |     8 ||    18
Dodge: Dodged            |    31 |    29 ||    60

Levels and vault maps discovered:
D:1:      minmay_arrival_stone_box, layout_basic, minmay_shallow_snake_nest
D:2:      layout_basic, uniq_jessica
D:3:      layout_basic, ebering_ecumenical_altar_hall

Notes
Turn   | Place    | Note
-------+----------+-------------------------------------------
     0 | D:1      | spaghetti the Demonspawn Hedge Wizard began the quest for
                  | the Orb.
     0 | D:1      | Reached XP level 1. HP: 13/13 MP: 4/4
     0 | D:1      | magus.rc [v1.9.6]
   408 | D:1      | Gained mutation: You have large cloven feet. [demonic
                  | ancestry]
   408 | D:1      | Reached XP level 2. HP: 19/19 MP: 0/6
   896 | D:1      | Reached skill level 4 in Spellcasting
   916 | D:1      | Gained mutation: You sometimes gain a little power by
                  | taking damage. [demonic ancestry]
   916 | D:1      | Reached XP level 3. HP: 18/24 MP: 0/8
  1018 | D:1      | Learned a level 2 spell: Call Imp
  1941 | D:2      | Noticed Jessica
  1945 | D:2      | Killed Jessica
  1946 | D:2      | Gained mutation: You have hoof-like feet. [demonic
                  | ancestry]
  1946 | D:2      | Reached XP level 4. HP: 30/30 MP: 3/10
  2290 | D:2      | Reached skill level 5 in Spellcasting
  3557 | D:3      | Gained mutation: When seriously injured, your blood forms
                  | armour. (AC +0) [demonic ancestry]
  3557 | D:3      | Reached XP level 5. HP: 30/35 MP: 4/12
  3862 | D:3      | Found a faded altar of an unknown god.
  3869 | D:3      | Prayed at the altar of an unknown god.
  3869 | D:3      | Became a worshipper of Fedhas Madash
  3869 | D:3      | Reached * piety under Fedhas
  3903 | D:3      | Quit the game

Vanquished Creatures
  Jessica (D:2)
  An orc wizard (D:3)
  4 adders
  4 dart slugs
  2 orcs (D:3)
  10 ball pythons
  6 endoplasms
  3 giant cockroaches
  2 goblins
  4 hobgoblins
  6 jackals (D:1)
  A quokka (D:2)
  5 bats
  5 frilled lizards
  2 kobolds
  6 rats
62 creatures vanquished.

Vanquished Creatures (collateral kills)
  2 adders (D:3)
  A jackal (D:1)
3 creatures vanquished.

Vanquished Creatures (others)
  A plant (D:1)
1 creature vanquished.

Grand Total: 66 creatures vanquished

Table legend:
 A = Non-vault XP
 B = Vault XP
 C = Vault XP percentage of total XP
 D = Non-vault monster count
 E = Vault monster count
 F = Vault count percentage of total count
                 A         B        C        D         E       F
            +---------+---------+-------+---------+---------+-------
      Total |     214 |      43 |  16.7 |      61 |       4 |   6.2
            +---------+---------+-------+---------+---------+-------
        D:1 |      52 |       6 |  10.3 |      29 |       3 |   9.4
        D:2 |      61 |      37 |  37.8 |      16 |       1 |   5.9
        D:3 |     101 |       0 |   0.0 |      16 |       0 |   0.0
            +---------+---------+-------+---------+---------+-------

Illustrated notes

Table legend:
 A = Kills in this place as a percentage of kills in entire the game.
 B = Kills by you in this place as a percentage of kills by you in the entire game.
 C = Kills by friends in this place as a percentage of kills by friends in the entire game.
 D = Other kills in this place as a percentage of other kills in the entire game.
 E = Experience gained in this place as a percentage of experience gained in the entire game.
 F = Experience gained in this place divided by the number of levels of this place that you have seen.
                   A       B       C       D       E      F
               +-------+-------+-------+-------+-------+----------------------
         Total | 100.0 | 100.0 | 100.0 |   N/A | 100.0 |  85.7
       Dungeon | 100.0 | 100.0 | 100.0 |   N/A | 100.0 |  85.7
               +-------+-------+-------+-------+-------+----------------------

Table legend: (Time is in decaauts)
 A = Elapsed time spent in this place.
 B = Non-inter-level travel time spent in this place.
 C = Inter-level travel time spent in this place.
 D = Time resting spent in this place.
 E = Time spent auto-exploring this place.
 F = Levels seen in this place.
 G = Mean time per level.
                   A        B        C        D        E       F      G
               +--------+--------+--------+--------+--------+-----+--------+
         Total |   3902 |   3749 |    153 |    222 |   3147 |   3 | 1300.7 |
       Dungeon |   3902 |   3749 |    153 |    222 |   3147 |   3 | 1300.7 |
               +--------+--------+--------+--------+--------+-----+--------+

Top non-repeatable levels by time:
     D:1: 1740 daAuts
     D:2: 1364 daAuts
     D:3: 797 daAuts
